 Dungeon Crawl Stone Soup version 0.30-a0-830-gfe289a77b0 (webtiles) character file.

Game seed: 14500076545047533813

48 gelatine the Firebug (level 3, -2/24 HPs)
             Began as a Demonspawn Fire Elementalist on Mar 1, 2023.
             Slain by a worm (8 damage)
             ... on level 2 of the Dungeon.
             The game lasted 00:04:00 (1244 turns).

gelatine the Firebug (Demonspawn Fire Elementalist) Turns: 1244, Time: 00:04:01

Health: -2/24      AC:  3    Str:  8    XL:     3   Next: 50%
Magic:  2/6        EV: 12    Int: 18    God:
Gold:   61         SH:  0    Dex: 13    Spells: 3/6 levels left

rFire   . . .      SeeInvis .    i - +0 dagger (speed)
rCold   . . .      Faith    .    (no shield)
rNeg    . . .      Spirit   .    a - +0 robe
rPois   .          Reflect  .    (helmet restricted)
rElec   .          Harm     .    (no cloak)
rCorr   .          Rampage  .    l - +0 pair of gloves
Will    .....                    (no boots)
Stlth   ++                       (no amulet)
HPRegen 0.24/turn                (no ring)
MPRegen 0.10/turn                (no ring)

@: no status effects
A: antennae 1
a: no special abilities


You were on level 2 of the Dungeon.
You visited 1 branch of the dungeon, and saw 2 of its levels.

You collected 61 gold pieces.

Inventory:

Hand Weapons
 i - a +0 dagger of speed (weapon)
Armour
 a - a +0 robe (worn)
 l - a +0 pair of gloves (worn)
Scrolls
 c - 2 scrolls of identify {unknown}
 f - a scroll of fear {unknown}
 g - a scroll of blinking {unknown}
 k - a scroll of teleportation {unknown}
Potions
 d - a potion of flight {unknown}
 e - 2 potions of curing {unknown}
 h - a potion of might {unknown}
 j - a potion of lignification {unknown}


   Skills:
 * Level 0.2 Fighting
 * Level 2.1 Dodging
 + Level 1.7 Stealth
 + Level 2.4 Spellcasting
 * Level 1.3 Conjurations
 * Level 3.4 Fire Magic


You had 3 spell levels left.
You knew the following spells:

 Your Spells              Type           Power      Damage    Failure   Level
a - Foxfire               Conj/Fire      40%        2x1d6     6%          1
b - Scorch                Fire           28%        2d6       6%          2

Your spell library contained the following spells:

 Spells                   Type           Power      Damage    Failure   Level
 Inner Flame              Hex/Fire       8%         N/A       26%         3
 Kindle Blastsparks       Fire/Tloc/Air  12%        2d11      32%         3
 Flame Wave               Conj/Fire      10%        2d6       54%         4


Dungeon Overview and Level Annotations

Branches:
Dungeon (2/15)

Altars:


Innate Abilities, Weirdness & Mutations

You have a pair of small antennae on your head.


Message History

The jackal closely misses you.
You miss the jackal.
The jackal is almost dead.
The jackal bites you but does no damage.
You barely miss the jackal.
The jackal is almost dead.
You hit the jackal.
You kill the jackal!
You hit the rat.
The rat is severely wounded.
You hit the rat.
You kill the rat!
You completely miss the worm.
The worm is lightly wounded.
You hit the worm.
The worm is moderately wounded.
The worm closely misses you.
You hit the worm but do no damage.
The worm is moderately wounded.
You hit the worm but do no damage.
The worm is moderately wounded.
You hit the worm.
The worm is heavily wounded.
The worm closely misses you.
You hit the worm.
The worm is heavily wounded.
You completely miss the worm.
The worm is heavily wounded.
You hit the worm.
The worm is severely wounded.
The worm bites you.
* * * LOW HITPOINT WARNING * * *
You hit the worm but do no damage.
The worm is heavily wounded.
You hit the worm.
The worm is severely wounded.
You barely miss the worm.
The worm is severely wounded.
The worm bites you!
You die...

##...######.###.#.#
###.# #.# #...# #.#
#.# ##### #.# #.#
#.. #.# ##. #.# .#
#.# .. #.# .. #@#
#w# .......)...h...
....r#..######.
.$.. ##.. ... ###
.. !


You could see a worm.

Vanquished Creatures
  An adder (D:2)
  A dart slug (D:2)
  2 ball pythons (D:1)
  2 bats (D:1)
  2 endoplasms
  A giant cockroach (D:2)
  3 hobgoblins (D:1)
  5 jackals
  3 kobolds
  3 quokkas (D:1)
  3 frilled lizards
  3 goblins (D:1)
  4 rats
33 creatures vanquished.

Vanquished Creatures (others)
  84 foxfires
84 creatures vanquished.

Grand Total: 117 creatures vanquished

Notes
Turn   | Place    | Note
-------+----------+-------------------------------------------
     0 | D:1      | gelatine the Demonspawn Fire Elementalist began the quest
                  | for the Orb.
     0 | D:1      | Reached XP level 1. HP: 13/13 MP: 3/3
   253 | D:1      | Reached skill level 3 in Fire Magic
   253 | D:1      | Gained mutation: You have a pair of small antennae on your
                  | head. [demonic ancestry]
   253 | D:1      | Reached XP level 2. HP: 19/19 MP: 1/5
   404 | D:1      | Found a faded altar of an unknown god.
   981 | D:2      | Reached XP level 3. HP: 24/24 MP: 2/6
   985 | D:2      | Learned a level 2 spell: Scorch
  1244 | D:2      | Slain by a worm

Illustrated notes

Levels and vault maps discovered:
D:1:      ebering_trefoil_twist, layout_rooms,
          hellmonk_ecumenical_altar_pennies_from_heaven
D:2:      layout_basic

Skill      XL: |  1  2 |
---------------+-------+-----
Fire Magic     | 3 |  3.4
Dodging        | 2 |  2.1
Fighting       | |  0.2
Stealth        | |  1.7
Spellcasting   | |  2.4
Conjurations   | |  1.3

Action                     || total
---------------------------++-------
  Melee: Unarmed           ||    11
         Dagger            ||    44
   Cast: Foxfire           ||    49
         Scorch            ||     5
    Use: Potion            ||     1
 Armour: Robe              ||    11
  Dodge: Dodged            ||    33

Table legend: (Time is in decaauts)
 A = Elapsed time spent in this place.
 B = Non-inter-level travel time spent in this place.
 C = Inter-level travel time spent in this place.
 D = Time resting spent in this place.
 E = Time spent auto-exploring this place.
 F = Levels seen in this place.
 G = Mean time per level.
                   A        B        C        D        E       F      G
               +--------+--------+--------+--------+--------+-----+--------+
         Total |   1226 |   1187 |     39 |      0 |    895 |   2 |  613.0 |
       Dungeon |   1226 |   1187 |     39 |      0 |    895 |   2 |  613.0 |
               +--------+--------+--------+--------+--------+-----+--------+

Top non-repeatable levels by time:
     D:1: 919 daAuts
     D:2: 307 daAuts
